AoeStats
← Generation Kill

Oasis

508464571Analyzed
4v4 RM · 11d ago on Sep 22, 2026· 81m 37s· 8 players
Game mode
Random Map
Map size
Large (8 player)
Population
200
Speed
Normal
Resources
Standard
Victory
Conquest
Starting age
Dark Age
Ending age
Imperial Age
RankedLock teamsTeams togetherTeam positionsShared explorationLock speedFull tech treeHidden civsTurbo modeCheats
Victory
Defeat
🇩🇪 Burmese · Germany
1250
+10
🇸🇪 Saxons · Sweden
1174
+13
🇺🇸 Danes · United States
1164
+13
🇷🇴 Varangians · Romania
1149
+14
🇪🇨 Vikings · Ecuador
1151
-13
🇪🇨 Danes · Ecuador
1113
-13
🇪🇨 Varangians · Ecuador
1097
-12
🇨🇱 Saxons · Chile
1083
-12
Generation Kill
8:52 Loom
11:01 Feudal Age
12:42 Town Watch
15:21 Castle Age
13:31 Double-Bit Axe
15:01 Horse Collar
16:20 Bow Saw
22:45 Wheelbarrow
22:12 Heavy Plow
24:56 Stone Mining
25:00 Gold Mining
27:01 Gold Shaft Mining
28:10 Hand Cart
29:02 Scale Mail Armor
29:45 Ballistics
29:44 Squires
30:29 Clerical Recruitment
31:32 Chain Mail Armor
31:27 Forging
33:58 Imperial Age
33:25 Arson
34:22 Iron Casting
35:02 Conscription
34:06 Elite Varangian Guard
35:21 Plate Mail Armor
35:54 Siege Engineers
35:57 Fletching
39:55 Bodkin Arrow
44:57 Bracer
46:23 Hoardings
45:51 Padded Archer Armor
49:16 Fortified Wall
50:07 Chemistry
48:58 Shield Wall
51:13 Two-Man Saw
58:08 Cranequins
60:24 Leather Archer Armor
60:00 Heavy Mounted Crossbowman
61:11 Thumb Ring
61:34 Masonry
66:24 Bloodlines
66:14 Husbandry
67:04 Ring Archer Armor
70:16 Pikeman
71:28 Architecture
71:04 Elite Skirmisher
77:10 Halberdier
w.tataieee
0:51 Loom
11:17 Feudal Age
18:39 Castle Age
17:29 Scale Mail Armor
17:43 Forging
34:18 Horse Collar
36:03 Wheelbarrow
42:11 Scale Barding Armor
42:42 Iron Casting
43:47 Husbandry
47:22 Gold Mining
48:02 Chain Barding Armor
53:54 Hand Cart
57:39 Imperial Age
57:40 Elite Jarl
59:07 Plate Barding Armor
60:38 Blast Furnace
Just boom!
8:23 Loom
10:58 Feudal Age
18:11 Castle Age
18:51 Stone Mining
20:50 Town Watch
29:07 Wheelbarrow
31:44 Fletching
32:33 Bodkin Arrow
34:08 Hand Cart
36:22 Gold Mining
37:37 Scale Barding Armor
37:43 Forging
42:03 Imperial Age
42:19 Bloodlines
42:10 Husbandry
42:31 Chain Barding Armor
Makima = Mommy
9:11 Loom
10:57 Feudal Age
12:00 Double-Bit Axe
11:55 Horse Collar
19:10 Castle Age
18:46 Stone Mining
20:23 Squires
20:10 Arson
25:21 Wheelbarrow
24:32 Town Watch
25:32 Heavy Plow
25:47 Bow Saw
30:41 Imperial Age
30:44 Heavy Scorpion
32:03 Hand Cart
31:29 Onager
33:52 Siege Onager
35:22 Scale Mail Armor
35:37 Forging
37:32 Chemistry
37:53 Iron Casting
38:54 Elite Varangian Guard
40:29 Chain Mail Armor
42:25 Fletching
Gamezbold69
10:36 Loom
12:31 Feudal Age
16:22 Castle Age
14:15 Double-Bit Axe
14:25 Horse Collar
15:36 Forging
16:35 Scale Barding Armor
25:18 Husbandry
26:25 Bloodlines
28:46 Ballistics
31:15 Fletching
32:04 Iron Casting
35:04 Imperial Age
35:56 Chain Barding Armor
35:32 Bodkin Arrow
36:59 Chemistry
40:13 Blast Furnace
39:49 Plate Barding Armor
53:28 Wheelbarrow
53:25 Elite Jarl
54:26 Conscription
70:40 Cavalier
70:45 Vendel Legacy
80:56 Hand Cart
4k_hd
0:42 Loom
11:11 Feudal Age
16:03 Arson
17:23 Forging
21:57 Castle Age
21:43 Scale Mail Armor
21:35 Fletching
21:46 Padded Archer Armor
22:18 Horse Collar
22:25 Double-Bit Axe
24:41 Wheelbarrow
23:59 Gold Mining
27:59 Iron Casting
27:40 Chain Mail Armor
28:55 Heavy Plow
29:29 Hamask
31:24 Hand Cart
31:02 Stone Mining
31:27 Bow Saw
32:44 Gold Shaft Mining
37:34 Imperial Age
34:55 Town Watch
36:15 Bodkin Arrow
36:36 Leather Archer Armor
37:30 Squires
38:08 Husbandry
38:18 Bloodlines
39:02 Elite Jomsviking
40:03 Conscription
40:20 Pikeman
41:38 Halberdier
44:24 Hoardings
45:43 Blast Furnace
45:13 Plate Mail Armor
44:44 Bracer
45:15 Ring Archer Armor
44:50 Scale Barding Armor
44:08 Cranequins
44:56 Thumb Ring
46:21 Ballistics
47:03 Chemistry
45:59 Murder Holes
46:48 Elite Varangian Guard
48:23 Town Patrol
48:29 Gambesons
48:05 Man-at-Arms
49:59 Heavy Mounted Crossbowman
Ochin1chin
7:26 Loom
10:51 Feudal Age
11:49 Man-at-Arms
12:22 Double-Bit Axe
14:59 Forging
14:38 Arson
16:51 Gold Mining
17:36 Stone Mining
17:57 Horse Collar
20:00 Fletching
20:56 Scale Mail Armor
23:50 Castle Age
24:07 Long Swordsman
24:49 Squires
25:28 Iron Casting
24:52 Bodkin Arrow
24:22 Crossbowman
24:24 Elite Skirmisher
27:56 Gold Shaft Mining
36:27 Town Watch
39:30 Imperial Age
39:37 Two-Handed Swordsman
40:36 Chain Mail Armor
41:27 Conscription
42:12 Champion
43:31 Hoardings
43:03 Capped Ram
44:02 Bow Saw
44:35 Fervor
45:11 Plate Mail Armor
47:47 Blast Furnace
48:36 Two-Man Saw
47:40 Heavy Plow
50:27 Crop Rotation
50:37 Siege Ram
51:54 Elite Berserk
57:19 Ballistics
58:00 Chemistry
56:54 Arbalester
59:11 Bracer
59:11 Padded Archer Armor
74:05 Light Cavalry
77:12 Scale Barding Armor
Tha Chilenman
7:22 Loom
9:38 Feudal Age
14:24 Double-Bit Axe
17:12 Castle Age
16:27 Stone Mining
17:03 Fletching
17:26 Horse Collar
19:05 Bow Saw
19:51 Town Watch
21:24 Guard Tower
22:00 Bodkin Arrow
23:21 Man-at-Arms
23:47 Gambesons
24:27 Man-at-Arms
24:52 Gambesons
25:12 Squires
25:18 Treadmill Crane
26:00 Ballistics
29:00 Scale Mail Armor
32:11 Wheelbarrow
31:30 Gold Mining
36:08 Imperial Age
33:35 Clerical Recruitment
34:43 Sanctity
34:38 Redemption
34:46 Masonry
37:18 Chain Mail Armor
37:14 Forging
37:44 Keep
38:10 Chemistry
37:54 Gold Shaft Mining
38:09 Fortified Wall
39:31 Bracer
40:09 Hand Cart
40:19 Murder Holes
41:26 Plate Mail Armor
40:17 Long Swordsman
52:43 Block Printing
53:14 Theocracy
53:43 Illumination
54:46 Two-Man Saw
65:37 Two-Handed Swordsman
72:11 Padded Archer Armor
71:46 Champion
72:34 Elite Skirmisher
73:34 Leather Archer Armor
74:32 Pikeman
75:45 Ring Archer Armor
75:28 Halberdier
76:46 Iron Casting
Connection lost

Rejoining the realm…

Still unreachable

The connection could not be restored.

Session expired

The server has moved on; the page needs a fresh start.